 Dungeon Crawl Stone Soup version 0.17.1-2-g5865329 (webtiles) character file.

22355 inmateoo the Cruncher (level 12, -3/113 HPs)
             Began as a Centaur Gladiator on Feb 15, 2016.
             Was a High Priest of Okawaru.
             Slain by a yaktaur (12 damage)
             ... summoned by a worldbinder
             ... on level 5 of the Abyss.
             The game lasted 00:46:22 (17836 turns).

inmateoo the Cruncher (Centaur Gladiator)          Turns: 17836, Time: 00:46:22

Health: -3/113     AC: 28    Str: 25    XL:     12   Next: 62%
Magic:  7/14       EV: 13    Int:  7    God:    Okawaru [*****.]
Gold:   462        SH:  0    Dex: 13    Spells: 2 memorised, 15 levels left

rFire  + . .     SeeInvis +     V - +7 lajatang of Order {silver, rMut}
rCold  + . .     Clarity  +     E - +4 ring mail of Maofeveg {rPois}
rNeg   . . .     SustAt   .     (shield currently unavailable)
rPois  +         Gourm    .     c - +1 helmet
rElec  +         Spirit   .     (no cloak)
rCorr  +         Warding  .     (no gloves)
rMut   +         Stasis   .     j - +0 centaur barding
MR     .....                    H - amulet of clarity
Stlth  +.........               t - +4 ring of protection
                                f - ring of see invisible

@: mighty, resistant, heroism, finesse, non-regenerating, badly diseased, very
quick, not resistant to hostile enchantments, very unstealthy
A: hooves 3, iridescent scales 1, blink, deformed body, speed 2, low mp 2,
mutation resistance 1, robust 1, tough skin 3, subdued magic 2, MP-powered wands
a: Blink, Heroism, Finesse, Renounce Religion


You were on level 5 of the Abyss.
You worshipped Okawaru.
Okawaru was extremely pleased with you.
You were hungry.

You visited 2 branches of the dungeon, and saw 14 of its levels.
You visited the Abyss 1 time.
You also visited: Labyrinth and Bailey.

You collected 968 gold pieces.
You spent 506 gold pieces at shops.

Inventory:

Hand Weapons
 a - a +3 quarterstaff
 h - the +1 long sword "Somor" {flame, rPois rC+}
   (You took it off a centaur on level 7 of the Dungeon)

   It has been specially enchanted to burn those struck by it, causing extra
   injury to most foes and up to half again as much damage against particularly
   susceptible opponents.
   Big, fiery blades are also staple armaments of hydra-hunters.
   It protects you from cold.
   It protects you from poison.
 V - the +7 lajatang of Order (weapon) {silver, rMut}
   (Okawaru gifted it to you on level 1 of the Lair of Beasts)

   It protects you from mutation.
Missiles
 B - 11 javelins of returning (quivered)
Armour
 c - a +1 helmet (worn)
 j - a +0 centaur barding (worn)
 E - the +4 ring mail of Maofeveg (worn) {rPois}
   (You found it on level 9 of the Dungeon)

   It protects you from poison.
Rods
 O - a +5 rod of the swarm (12/12)
   (You found it in a labyrinth)
Jewellery
 f - a ring of see invisible (left hand)
 t - a +4 ring of protection (right hand)
 w - a +1 ring of slaying
 D - an uncursed ring of protection from cold
 H - an amulet of clarity (around neck)
 J - an uncursed ring of protection from magic
 K - an uncursed amulet of stasis {unknown}
 L - a cursed -2 ring of strength {unknown}
 N - an uncursed amulet of stasis {unknown}
 W - an uncursed ring of protection from cold
 Y - an uncursed amulet of the gourmand {unknown}
Wands
 o - a wand of slowing (20)
 v - a wand of random effects (0)
 y - a wand of magic darts (30)
 z - a wand of fire (4)
 C - a wand of polymorph (11)
 F - a wand of random effects (14)
 G - a wand of disintegration (12)
 M - a wand of polymorph (6)
 P - a wand of digging (0)
 U - a wand of draining (9)
Scrolls
 b - 4 scrolls of enchant armour
 m - 2 scrolls of recharging
 s - 4 scrolls of remove curse
 u - a scroll of fog
 S - 3 scrolls of magic mapping
Potions
 k - a potion of resistance
 n - a potion of magic
 r - 4 potions of curing
 A - a potion of cure mutation
 I - 3 potions of lignification {unknown}
 Q - a potion of berserk rage {unknown}
 R - 2 potions of brilliance {unknown}
Books
 X - a book of Burglary

   Spells                             Type                      Level
   a - Swiftness                      Charms/Air                   2
   b - Passwall                       Transmutation/Earth          3
   c - Passage of Golubria            Translocation                4
   d - Lee's Rapid Deconstruction     Earth                        5
   e - Darkness                       Hexes                        6
   f - Invisibility                   Hexes                        6
Comestibles
 e - 10 bread rations
 g - 8 meat rations
 q - a fruit
 x - 3 slices of pizza


   Skills:
 + Level 8.7(13.7) Fighting
 * Level 12.2(17.2) Staves
 - Level 2.1(7.1) Throwing
 + Level 6.8(11.8) Armour
 + Level 6.5(11.5) Dodging
 + Level 4.0 Spellcasting
 - Level 7.0 Invocations


You had 15 spell levels left.
You knew the following spells:

 Your Spells              Type           Power        Failure   Level  Hunger
a - Repel Missiles        Chrm/Air       #.....       36%         2    ###....
b - Blink                 Tloc           N/A          36%         2    ###....


Dungeon Overview and Level Annotations

Branches:
Dungeon (13/15)              Lair (1/8) D:11            Orc (0/4) D:9
 Temple: D:4-7       Vaults: D:13-14

Altars:
Ashenzari
Dithmenos
Gozag
Makhleb
Nemelex Xobeh
Okawaru
Trog
Xom
Zin
The Shining One

Shops:
D:11 [   D:12 }

Annotations:
D:6 seren's ghost, novice GrEE
D:10 Erolcha; Fannar
D:13 Snorg


Innate Abilities, Weirdness & Mutations

You have hooves in place of feet.
Armour fits poorly on your strangely shaped body.
You cover ground very quickly.
You have extremely tough skin (AC +3).
You are partially covered in iridescent scales (AC +4).
You can translocate small distances at will.
You are somewhat resistant to further mutation.
You are robust (+10% HP).
You expend magic power (3 MP) to strengthen your wands.
[Your magical capacity is very low (-20% MP).]
[Your spells are easier to cast, but less powerful.]


Message History

The yaktaur looks sick.
Unknown command.
Unknown command.
Unknown command.
The vault sentinel disappears in a puff of smoke!
The yaktaur hits your starcursed mass but does no damage.
The human hits you but does no damage. The worldbinder misses you.
The worldbinder hits you but does no damage.
The small abomination hits something.
The raiju bites something but does no damage.
A spatial vortex, a deep elf sorcerer, an ancient zyme and a tengu reaver come into view.
Unknown command.
You slice the yaktaur!! You kick the yaktaur, but do no damage.
The yaktaur is heavily wounded.
You feel ill.
The deep elf blademaster looks sick.
The deep elf sorcerer looks sick.
The tengu reaver looks sick.
The spatial vortex moves out of view.
Your lich touches the human!
The yaktaur writhes in pain as voices assail its mind.
The yaktaur hits you!
You die...

. .#. # . .. ...
.. .# . ..# .# .
.. ..###.......#
#.#.## ...#.#.#
##.#...# # .. .
... # #......##.
## .. ### E#
##......x .. .
.../#c#L.# . ..
..##.#...§#@pX#.#
# .
..#....#.#xxc..#
. ..
##.#..##.X##v.e#
# § #..##xh#
##.... # ..###.
x# ##.# #.e ##. .
.#. #.# Q #.# hx
##.## ####h.#
.#..#.# #...h.. #
#..#.#.


You could see a deep elf blademaster, a tengu reaver, a spatial maelstrom, a
deep elf sorcerer, 2 ancient zymes, 2 yaktaurs, a worldbinder, a raiju, a human,
a small abomination, a friendly starcursed mass, a friendly lich and a friendly
large abomination.

Vanquished Creatures
  An orc warlord (Bailey)
  A hydra (D:11)
  A thrashing horror (Abyss:1)
  A wretched star (Abyss:4)
  A giant orange brain (Abyss:1)
  4 hill giants
  3 ugly things (D:12)
  2 cyclopes
  A komodo dragon (D:12)
  2 hellwings (Abyss:3)
  2 trolls
  A slime creature (D:12)
  3 raiju
  2 flying skulls (Abyss:1)
  A wyvern (D:12)
  Sigmund (D:5)
  2 trapdoor spiders
  16 yaks
  Eustachio (D:5)
  A chaos spawn (Abyss:3)
  A deep elf mage (D:13)
  2 basilisks
  A human (D:11)
  4 hungry ghosts
  3 hippogriffs
  3 wolves (D:11)
  A water moccasin (Lair:1)
  14 orc warriors
  2 necrophages
  An eye of draining (D:11)
  A black bear (D:8)
  3 sky beasts
  2 ice beasts
  7 ogres
  5 phantoms
  3 crocodiles
  6 centaurs
  9 giant frogs
  Blork the orc (D:5)
  A gnoll sergeant (D:7)
  An earth elemental (Lab)
  A water moccasin skeleton (D:8)
  3 scorpions
  A wyvern skeleton (D:10)
  10 killer bees
  4 giant frog zombies
  2 electric eels (D:11)
  5 crimson imps
  3 centaur zombies
  A quasit (D:6)
  2 giant frog skeletons
  3 jellies
  An orc priest (D:4)
  4 orc wizards
  5 hounds
  A centaur skeleton (D:4)
  3 iguanas
  5 worker ants
  8 sheep
  A killer bee zombie (D:9)
  A hound skeleton (D:5)
  2 worker ant zombies
  14 adders
  20 gnolls
  5 river rats (Lair:1)
  4 shadow imps
  An ufetubus (Abyss:3)
  2 oozes
  An adder zombie (D:6)
  3 worms (D:3)
  3 giant geckos
  27 orcs
  A ball python (D:4)
  6 bats
  3 giant cockroaches
  26 goblins
  22 hobgoblins
  15 jackals
  7 quokkas
  4 giant newts
  A jackal zombie (D:6)
  5 kobolds
  A quokka skeleton (D:10)
  8 rats
363 creatures vanquished.

Vanquished Creatures (collateral kills)
  A shadow imp (D:11)
1 creature vanquished.

Vanquished Creatures (others)
  A hill giant (D:11)
  An ugly thing (D:12)
  A slime creature (D:12)
  2 trapdoor spiders (Lab)
  A shadow (Lab)
  A yak (Lair:1)
  A sheep (Lair:1)
  2 starspawn tentacles (Abyss:3)
10 creatures vanquished.

Grand Total: 374 creatures vanquished

Notes
Turn   | Place    | Note
--------------------------------------------------------------
     0 | D:1      | inmateoo the Centaur Gladiator began the quest for the Orb.
     0 | D:1      | Reached XP level 1. HP: 17/17 MP: 1/1
    57 | D:1      | Reached skill level 3 in Staves
   116 | D:1      | Reached XP level 2. HP: 24/24 MP: 2/2
   574 | D:2      | Reached XP level 3. HP: 27/29 MP: 3/3
  1112 | D:2      | Reached skill level 4 in Staves
  1209 | D:2      | Found an iron altar of Okawaru.
  1213 | D:2      | Became a worshipper of Warmaster Okawaru
  1623 | D:3      | Reached XP level 4. HP: 26/36 MP: 4/4
  1816 | D:3      | Found a faded altar to an unknown god.
  1886 | D:3      | Found an opulent altar of Gozag.
  1891 | D:3      | Found a sparkling altar of Nemelex Xobeh.
  1893 | D:3      | Reached skill level 1 in Armour
  1916 | D:3      | Found a shattered altar of Ashenzari.
  1977 | D:3      | Found a glowing golden altar of the Shining One.
  2230 | D:3      | Noticed a moth of wrath
  2241 | D:3      | Found a bloodstained altar of Trog.
  2598 | D:4      | Noticed an ogre
  2610 | D:4      | Killed an ogre
  2610 | D:4      | Reached skill level 5 in Staves
  2610 | D:4      | Reached XP level 5. HP: 35/41 MP: 5/5
  2682 | D:4      | Noticed a phantom
  2710 | D:4      | Killed a phantom
  2710 | D:4      | Reached * piety under Okawaru
  2710 | D:4      | Reached XP level 6. HP: 25/48 MP: 6/6
  2915 | D:4      | Found a glowing silver altar of Zin.
  3232 | D:4      | Noticed an ogre
  3331 | D:4      | Found a shadowy altar of Dithmenos.
  3339 | D:4      | Reached skill level 1 in Invocations
  3392 | D:5      | Entered Level 5 of the Dungeon
  3397 | D:5      | Reached skill level 6 in Staves
  3898 | D:5      | Reached XP level 7. HP: 49/55 MP: 8/8
  3983 | D:5      | Gained mutation: You are weak. (Str -2) [mutagenic meat]
  3984 | D:5      | Gained mutation: [Your spells are a little easier to cast, but a little less powerful.] [mutagenic meat]
  3985 | D:5      | Gained mutation: You can translocate small distances at will. [mutagenic meat]
  3986 | D:5      | Gained mutation: You regenerate slowly when monsters are visible. [mutagenic meat]
  3987 | D:5      | Lost mutation: You regenerate slowly when monsters are visible. [mutagenic meat]
  4048 | D:5      | Noticed Blork the orc
  4274 | D:6      | Noticed seren's ghost (novice GrEE)
  4715 | D:7      | Reached ** piety under Okawaru
  4715 | D:7      | Reached skill level 7 in Staves
  4715 | D:7      | Reached XP level 8. HP: 49/62 MP: 10/10
  5049 | D:7      | Got a brightly glowing long sword {flame}
  5050 | D:7      | Identified the cursed +1 long sword "Somor" {flame, rPois rC+} (You took it off a centaur on level 7 of the Dungeon)
  5343 | D:6      | Reached skill level 8 in Staves
  5354 | D:6      | Gained mutation: Scrolls take you a little longer to read. [mutagenic meat]
  5355 | D:6      | Gained mutation: You passively map a small area around you. [mutagenic meat]
  5356 | D:6      | Gained mutation: You are partially covered in iridescent scales (AC +4). [mutagenic meat]
  5527 | D:5      | Reached *** piety under Okawaru
  5566 | D:5      | Reached XP level 9. HP: 46/71 MP: 12/12
  5706 | D:5      | Noticed Sigmund
  5722 | D:5      | Killed Sigmund
  5741 | D:5      | Noticed Eustachio
  5769 | D:5      | Killed Eustachio
  6350 | D:5      | Killed Blork the orc
  6703 | D:6      | Reached skill level 5 in Invocations
  7450 | D:7      | Reached skill level 9 in Staves
  7523 | D:8      | Reached **** piety under Okawaru
  7615 | D:8      | Reached skill level 5 in Fighting
  7620 | D:8      | Found an iron altar of Okawaru.
  7741 | D:8      | Received a gift from Okawaru
  8159 | D:9      | Reached XP level 10. HP: 63/81 MP: 11/14
  8210 | D:9      | Received a gift from Okawaru
  8644 | D:9      | Found a staircase to the Orcish Mines.
  8861 | D:9      | Got a scorched ring mail
  8872 | D:9      | Identified the +4 ring mail of Maofeveg {rPois} (You found it on level 9 of the Dungeon)
  8992 | D:9      | You fall through a shaft for 2 floors!
  8998 | D:11     | Found a shimmering altar of Xom.
  9000 | D:11     | Noticed a hill giant
  9063 | D:11     | Noticed a four-headed hydra
  9072 | D:11     | a hill giant (ally) was killed
  9081 | D:11     | Killed a two-headed hydra
  9143 | D:10     | Entered Level 10 of the Dungeon
  9143 | D:10     | Noticed Fannar
  9500 | D:11     | Noticed a hill giant
  9570 | D:11     | Killed a hill giant
  9570 | D:11     | Received a gift from Okawaru
  9570 | D:11     | Reached skill level 10 in Staves
  9570 | D:11     | Reached skill level 5 in Armour
  9570 | D:11     | Reached skill level 5 in Dodging
  9626 | D:11     | Found Mur Vut's Antique Armour Boutique.
  9660 | D:11     | Bought a centaur barding for 506 gold pieces
  9707 | D:11     | Found a burning altar of Makhleb.
  9872 | D:10     | Learned a level 2 spell: Repel Missiles
  9875 | D:10     | Learned a level 2 spell: Blink
 10339 | D:10     | Noticed a hill giant
 10386 | D:10     | Killed a hill giant
 10822 | D:10     | Reached XP level 11. HP: 81/91 MP: 16/16
 10853 | D:10     | Reached ***** piety under Okawaru
 11295 | D:10     | Reached skill level 1 in Spellcasting
 11469 | D:10     | Noticed Erolcha
 11829 | D:11     | Found a staircase to the Lair.
 12328 | D:12     | Found a flagged portal.
 12341 | Bailey   | Entered a bailey
 12803 | Bailey   | Noticed an orc warlord
 13813 | Bailey   | Killed an orc warlord
 13813 | Bailey   | Reached skill level 11 in Staves
 14239 | D:12     | Noticed a hill giant
 14282 | D:12     | Received a gift from Okawaru
 14285 | D:12     | Got a smoking quarterstaff {god gift}
 14291 | D:12     | Identified the +6 quarterstaff "Puira" {distort, *Contam rPois Str+4} (Okawaru gifted it to you on level 12 of the Dungeon)
 14341 | D:12     | Gained mutation: You are robust (+10% HP). [mutagenic meat]
 14523 | D:12     | Killed a hill giant
 14524 | D:12     | Found Peohisku's Gadget Shop.
 14696 | D:12     | Gained mutation: You are agile. (Dex +2) [mutagenic meat]
 14697 | D:12     | Gained mutation: You are somewhat resistant to further mutation. [mutagenic meat]
 14724 | D:12     | Noticed a hill giant
 14729 | D:12     | Killed a hill giant
 14729 | D:12     | Reached XP level 12. HP: 111/111 MP: 17/17
 14949 | D:12     | Received a gift from Okawaru
 15356 | D:13     | Noticed Snorg
 15371 | D:13     | Found a labyrinth entrance.
 15380 | Lab      | Entered a labyrinth
 16004 | Lab      | Reached ****** piety under Okawaru
 16105 | Lab      | Noticed a minotaur
 16332 | Lair:1   | Entered Level 1 of the Lair of Beasts
 16799 | Lair:1   | Lost mutation: You are agile. (Dex +2) [potion of cure mutation]
 16799 | Lair:1   | Lost mutation: Scrolls take you a little longer to read. [potion of cure mutation]
 16799 | Lair:1   | Lost mutation: You are weak. (Str -2) [potion of cure mutation]
 16799 | Lair:1   | Lost mutation: You passively map a small area around you. [potion of cure mutation]
 16805 | Lair:1   | Received a gift from Okawaru
 16811 | Lair:1   | Cast into the Abyss (a distortion unwield)
 16850 | Abyss:1  | Noticed a starcursed mass
 16873 | Abyss:1  | Gained mutation: You expend magic power (3 MP) to strengthen your wands. [mutagenic glow]
 16923 | Abyss:1  | Reached skill level 12 in Staves
 16991 | Abyss:2  | Noticed an ironheart preserver
 17017 | Abyss:2  | Noticed an ironheart preserver
 17022 | Abyss:2  | Found a corrupted altar of Lugonu.
 17118 | Abyss:2  | Noticed an Executioner
 17169 | Abyss:2  | Noticed a reaper
 17432 | Abyss:3  | Found a deep blue altar of Sif Muna.
 17450 | Abyss:3  | Noticed a tentacled starspawn
 17621 | Abyss:4  | Noticed a vampire knight
 17714 | Abyss:4  | Noticed an eidolon
 17733 | Abyss:4  | Noticed a tentacled starspawn
 17758 | Abyss:4  | Noticed a tentacled starspawn
 17758 | Abyss:5  | Entered Level 5 of the Abyss
 17834 | Abyss:5  | Noticed a deep elf blademaster
 17836 | Abyss:5  | Noticed a deep elf sorcerer
 17836 | Abyss:5  | Noticed a tengu reaver
 17836 | Abyss:5  | Slain by a yaktaur

Action                   |  1- 3 |  4- 6 |  7- 9 | 10-12 || total
-------------------------+-------+-------+-------+-------++-------
Melee: Quarterstaff      |    96 |   135 |   459 |   877 ||  1567
       Long sword        |       |       |     5 |    48 ||    53
       Lajatang          |       |       |       |    75 ||    75
Throw: Throwing net      |       |     2 |     3 |     2 ||     7
       Javelin           |       |       |       |    60 ||    60
Invok: Heroism           |       |       |     2 |    12 ||    14
       Finesse           |       |       |       |     1 ||     1
 Abil: Blink             |       |       |     2 |       ||     2
Evoke: Wand              |       |       |    10 |    22 ||    32
       Deck              |       |       |       |     6 ||     6
  Use: Scroll            |     8 |     5 |     5 |    19 ||    37
       Potion            |       |       |     2 |    18 ||    20
 Stab: Held in net/web   |       |     2 |     1 |     1 ||     4
       Paralysed         |       |       |     1 |       ||     1
  Eat: Chunk             |     1 |     5 |    18 |    22 ||    46
       Beef jerky        |       |       |     1 |     3 ||     4
       Royal jelly       |       |       |     1 |       ||     1
       Fruit             |       |       |     1 |     6 ||     7
       Pizza             |       |       |       |     5 ||     5
       Bread ration      |       |       |       |     1 ||     1
